Cogmind - Beta 13 @@@ ROGUE MODE // 2024.05.25 @ 14:14:57 Player: H3-RMN Result: Destroyed by 92-IHU(R) with Subdweller Laser Performance ------------- Evolutions (0) 0 Regions Visited (3) 600 Robots Destroyed (30) 150 Value Destroyed (688) 688 Prototype IDs (0) 0 Alien Tech Used (0) 0 Bonus (0) 0 TOTAL SCORE: 1438 Bonus ------- None Cogmind --------- Core Integrity 0/250 Matter 256/300 Energy 153/200 System Corruption 0% Temperature Cool (6) Movement Treading (160) Location -10/Subcaves Parts ------- > --- POWER (1) -------- Subdweller Power Source > --- PROPULSION (2) --- Light Treads Spiked Treads > --- UTILITY (2) ------ Scrap Shield > --- WEAPON (2) ------- Subdweller Beam Cannon Subdweller Machine Gun > --- INVENTORY (5) ---- High-capacity Storage Unit Experimental Sensor Array Makeshift Kinetic Plating Hacking Suite Grenade Launcher Peak State ------------ > --- POWER ------------ Subdweller Power Source > --- PROPULSION ------- Light Treads Subdweller Monowheel > --- UTILITY ---------- High-capacity Storage Unit Targeting Computer > --- WEAPON ----------- Subdweller Laser Subdweller Machine Gun > --- INVENTORY -------- Ion Engine Wheel Wheel Compact Wheel Heat Sink Improved Heat Sink High-capacity Storage Unit High-capacity Matter Pod Experimental Sensor Array Transport Network Coupler Scrap Shield Hacking Suite Light Assault Rifle Light Assault Rifle Grenade Launcher Datajack [Rating: 14] Favorites ----------- Power Ion Engine Engine Ion Engine Propulsion Light Treads Treads Light Treads Wheel Compact Wheel Utility High-capacity Storage Unit Device Heat Sink Storage High-capacity Storage Unit Processor Targeting Computer Protection Scrap Shield Weapon Light Assault Rifle Energy Gun Subdweller Laser Energy Cannon Subdweller Beam Cannon Ballistic Gun Light Assault Rifle Launcher Grenade Launcher Build | -11 -10 -10 -10 ------- Run | Yrd Mat Min Sub Slots Evolved . | . . . . Power . | . . . . Propulsion . | . . . . Utility . | . . . . Weapon . | . . . . Parts Attached 34 | 7 7 8 12 Power 3 | 1 1 . 1 Engine 3 | 1 1 . 1 Core . | . . . . Reactor . | . . . . Propulsion 7 | 2 . . 5 Treads 4 | 1 . . 3 Leg . | . . . . Wheel 3 | 1 . . 2 Hover . | . . . . Flight . | . . . . Utility 8 | 2 3 2 1 Device 4 | 1 2 1 . Storage 2 | 1 1 . . Processor 1 | . . 1 . Hackware . | . . . . Protection 1 | . . . 1 Artifact . | . . . . Weapon 16 | 2 3 6 5 Energy Gun 4 | 1 1 . 2 Energy Cannon 1 | . . . 1 Ballistic Gun 8 | 1 1 4 2 Ballistic Cannon . | . . . . Launcher 3 | . 1 2 . Special Weapon . | . . . . Impact Weapon . | . . . . Slashing Weapon . | . . . . Piercing Weapon . | . . . . Special Melee Weapon . | . . . . Unidentified Prototypes . | . . . . Parts Lost 5 | . 1 1 3 Power 1 | . . . 1 Propulsion 1 | . . . 1 Utility 1 | . 1 . . Weapon 2 | . . 1 1 Highest Loss Streak 3 | . 1 1 3 To Critical Strikes . | . . . . Average Slot Usage (%) 95 | . 98 99 87 Engine 13 | . 14 14 13 Treads 14 | . 14 14 15 Wheel 13 | . 14 14 12 Device 4 | . 12 2 . Storage 10 | . 14 14 3 Processor 5 | . . 11 3 Protection 3 | . . . 10 Energy Gun 4 | . 1 . 11 Ballistic Gun 22 | . 26 26 14 Naked Turns . | . . . . Heaviest Build 53 | 14 49 51 53 Greatest Support 40 | 20 16 16 40 Greatest Overweight (x) 3 | . 3 3 3 Average Overweight (x) 1 | . 2 2 1 Largest Inventory Capacity 20 | 8 20 20 20 Average Capacity 14 | 7 17 20 8 Most Carried 19 | 7 14 16 19 Average Carried 11 | 3 11 14 7 Final Capacity 20 | 8 20 20 5 Final Carried 15 | 7 12 15 5 Class Distribution -------------------- 74% | Mutant 25% | Subdweller-Mutant Dominant Class ---------------- Mutant | -10/Materials Mutant | -10/Mines Subdweller-Mutant | -10/Subcaves Resources | -11 -10 -10 -10 ----------- Run | Yrd Mat Min Sub Matter Collected 975 | 294 393 173 115 Remotely . | . . . . Salvage Created 842 | 65 395 127 255 Parts 79 | 7 35 19 18 Haulers Intercepted 1 | . 1 . . Recyclers Shooed . | . . . . Parts Field Recycled . | . . . . Retrieved Matter . | . . . . Parts Self-Destructed 7 | . . . 7 Prevented . | . . . . Kills | -11 -10 -10 -10 ------- Run | Yrd Mat Min Sub Combat Hostiles Destroyed 22 | . 10 7 5 Guns 14 | . 7 2 5 AOE 8 | . 3 5 . Classes Destroyed 10 | 2 5 1 2 Builder 1 | . . 1 . Tunneler 2 | 1 . 1 . Hauler 1 | . 1 . . Recycler 1 | 1 . . . Operator 1 | . 1 . . Watcher 2 | . 2 . . Swarmer 8 | . 3 5 . Grunt 11 | . 7 2 2 Artisan 1 | . . . 1 Subdweller 3 | . . . 3 Best Kill Streak 6 | 1 6 5 2 Combat Bots Only 6 | . 6 3 2 Max Kills in Single Turn 4 | 1 1 4 1 Gunslinging . | . . . . Exploded 2 | . 1 2 . Melee . | . . . . Uniques/NPCs Destroyed . | . . . . Combat | -11 -10 -10 -10 -------- Run | Yrd Mat Min Sub Hostile Shots Fired 96 | . 36 19 41 Missed 22 | . 7 4 11 Damage Taken 1161 | . 336 216 609 Core 258 | . 55 22 181 Absorbed by Shields . | . . . . Core Remaining (%) 100 | 100 . . . Volleys Fired 85 | 8 38 10 29 Largest 2 | 2 2 2 2 Hottest 110 | 60 60 40 110 Shots Fired 162 | 16 73 16 57 Gun 148 | 16 70 12 50 Cannon 7 | . . . 7 Launcher 7 | . 3 4 . Special . | . . . . Kinetic 106 | 8 62 12 24 Thermal 41 | 8 8 . 25 Explosive 7 | . 3 4 . Electromagnetic 8 | . . . 8 Robot Hit Streak 21 | 5 12 12 21 Robot Miss Streak 4 | 2 4 1 2 Penetration Max . | . . . . Secondary Targets 2 | . 1 1 . Max Gunslinging Chain 1 | . 1 1 . Shots Hit Robots 110 | 10 50 11 39 Core Hits 55 | 3 30 12 10 Critical Kills . | . . . . Critical Parts Destroyed . | . . . . Critical Strikes 1 | . . . 1 Destroy 1 | . . . 1 Melee Attacks . | . . . . Impact . | . . . . Slashing . | . . . . Piercing . | . . . . Sneak Attacks . | . . . . Combat Hostiles . | . . . . Follow-up Attacks . | . . . . Damage Inflicted 1935 | 110 706 408 711 Guns 1331 | 110 547 107 567 Cannons 107 | . . . 107 Explosions 497 | . 159 301 37 Melee . | . . . . Ramming . | . . . . Kinetic 878 | 58 476 107 237 Thermal 520 | 52 71 . 397 Explosive 460 | . 159 301 . Electromagnetic 77 | . . . 77 Impact . | . . . . Slashing . | . . . . Piercing . | . . . . Highest Corruption . | . . . . Average Corruption . | . . . . Corruption Purged . | . . . . Corruption Blocked . | . . . . Overload Shots . | . . . . Overflow Damage 9 | . 9 . . Projectiles . | . . . . Explosions 9 | . 9 . . Melee . | . . . . Knockbacks . | . . . . Impact . | . . . . Kinetic . | . . . . Secondary . | . . . . Self-Inflicted Damage 51 | . . 51 . Shots 3 | . . 3 . Rammed . | . . . . Targets Rammed . | . . . . Kicked . | . . . . Crushed . | . . . . Highest Temperature 42 | . 42 12 12 Average Temperature 17 | . 17 12 12 Received Heat Transfer 324 | . 171 78 75 Siege Activations . | . . . . Robots Corrupted . | . . . . Combat Hostiles . | . . . . Parts Fried . | . . . . Impact Corruptions . | . . . . Robots Melted . | . . . . Combat Hostiles . | . . . . Parts Melted . | . . . . Heat Transferred 773 | 125 150 . 498 Parts Sabotaged . | . . . . Parts Stolen . | . . . . Parts Stripped . | . . . . Power Chain Reactions 1 | . . . 1 Alert | -11 -10 -10 -10 ------- Run | Yrd Mat Min Sub Peak Influence 330 | 10 330 245 . Initial 58 | . 6 58 . Average 136 | 3 177 123 . Maximum Alert Level 1 | . 1 1 . Low Security (%) 68 | 100 58 71 . Level 1 31 | . 41 28 . Level 2 . | . . . . Level 3 . | . . . . Level 4 . | . . . . Level 5 . | . . . . High Security . | . . . . Max Security . | . . . . Squads Dispatched 4 | . 4 . . Investigation 3 | . 3 . . Extermination . | . . . . Reinforcement 1 | . 1 . . Assault . | . . . . Garrison . | . . . . Intercept . | . . . . Searches Triggered . | . . . . Construction Impeded . | . . . . Haulers Reinforced . | . . . . Active Scanning Responses . | . . . . Cargo Convoy Interrupts . | . . . . Stealth | -11 -10 -10 -10 --------- Run | Yrd Mat Min Sub Distress Signals . | . . . . Communications Jammed . | . . . . Distress Signals . | . . . . Times Spotted 30 | . 15 8 7 Peak Tracking Total 3 | . 3 3 2 Tactical Retreats . | . . . . Traps | -11 -10 -10 -10 ------- Run | Yrd Mat Min Sub Traps Triggered 1 | . 1 . . Indirectly . | . . . . Trap Hack Attempts . | . . . . Triggered . | . . . . Disarmed . | . . . . Reprogrammed . | . . . . Reused . | . . . . Traps Extracted . | . . . . Installed . | . . . . Triggered . | . . . . Machines | -11 -10 -10 -10 ---------- Run | Yrd Mat Min Sub Machines Disabled 3 | . 3 . . Max in Single Turn 3 | . 3 . . Machines Repaired . | . . . . Machines Dismantled . | . . . . Machines Sabotaged . | . . . . Overloaded Fab Kills . | . . . . Hacking | -11 -10 -10 -10 --------- Run | Yrd Mat Min Sub Machines Accessed 4 | . 4 . . Terminals 3 | . 3 . . Fabricators . | . . . . Repair Stations 1 | . 1 . . Recycling Units . | . . . . Scanalyzers . | . . . . Garrison Access . | . . . . Total Hacks 14 | . 14 . . Successful 4 | . 4 . . Failed 10 | . 10 . . Catastrophic 1 | . 1 . . Database Lockouts . | . . . . Manual 11 | . 11 . . Terminals 11 | . 11 . . Fabricators . | . . . . Repair Stations 3 | . 3 . . Recycling Units . | . . . . Scanalyzers . | . . . . Garrison Access . | . . . . Terminal Hacks 4 | . 4 . . Part Schematic 1 | . 1 . . Robot Schematic 1 | . 1 . . Robot Analysis 2 | . 2 . . Fabricator Hacks . | . . . . Repair Station Hacks . | . . . . Recycling Unit Hacks . | . . . . Scanalyzer . | . . . . Garrison Access Hacks . | . . . . Unauthorized Hacks . | . . . . Terminals . | . . . . Fabricators . | . . . . Repair Stations . | . . . . Recycling Units . | . . . . Scanalyzers . | . . . . Garrison Access . | . . . . Data Cores Recovered . | . . . . Used . | . . . . Hacking Detections 4 | . 4 . . Full Trace Events 3 | . 3 . . Feedback Events . | . . . . Feedback Blocked . | . . . . Robot Schematics Acquired 1 | . 1 . . Robots Built . | . . . . Authchips . | . . . . Time . | . . . . Total Robot Build Rating . | . . . . Part Schematics Acquired 1 | . 1 . . Parts Built . | . . . . Authchips . | . . . . Time . | . . . . Total Part Build Rating . | . . . . Parts Repaired . | . . . . Time . | . . . . Parts Recycled . | . . . . Recycled Matter . | . . . . Retrieved Matter . | . . . . Retrieved Components . | . . . . Parts Scanalyzed . | . . . . Part Schematics Acquired . | . . . . Parts Damaged . | . . . . Bothacking | -11 -10 -10 -10 ------------ Run | Yrd Mat Min Sub Used RIF Installer . | . . . . Robots Hacked . | . . . . Non-combat . | . . . . Combat . | . . . . Robot Hacks Applied . | . . . . Relay Couplers Released . | . . . . Fabnet Peak Effective % . | . . . . Robots Rewired . | . . . . Allies Hacked . | . . . . Hacks Repelled . | . . . . Allies | -11 -10 -10 -10 -------- Run | Yrd Mat Min Sub Total Allies . | . . . . Largest Group . | . . . . Highest-Rated Group . | . . . . Highest-Rated Ally . | . . . . Total Orders . | . . . . Ally Attacks . | . . . . Total Damage . | . . . . Kills . | . . . . Allies Corrupted . | . . . . Allies Melted . | . . . . Intel | -11 -10 -10 -10 ------- Run | Yrd Mat Min Sub Robot Analysis Total 2 | . 2 . . Derelict Logs Recovered 1 | . . 1 . Drone Launches . | . . . . Drone Recoveries . | . . . . Exploration | -11 -10 -10 -10 ------------- Run | Yrd Mat Min Sub Turns Passed 2336 | 129 658 791 758 Spaces Moved 1163 | 72 340 330 421 Core 1 | 1 . . . Treads 42 | 2 . . 40 Legs . | . . . . Wheels 1120 | 69 340 330 381 Hover . | . . . . Flight . | . . . . Fastest Speed 50 | 50 100 130 115 Average Speed 129 | 100 135 132 125 Slowest Speed 260 | 160 145 145 260 Overloaded Moves . | . . . . Propulsion Burnouts . | . . . . Robots Hopped . | . . . . Cave-ins Triggered . | . . . . Exploration Rate (%) 27 | 5 34 48 22 Regions Visited 3 Branch Regions 2 Pre-discovered Areas . | . . . . Known Exits Taken . | . . . . Unknown Exits Taken 3 | 1 1 1 . Scrap Searched 4 | . . 1 3 Spaces Dug 31 | . . 31 . Terrain Destroyed 45 | . 8 31 6 Melee . | . . . . Projectile 1 | . . . 1 AOE 44 | . 8 31 5 Terrain Rammed . | . . . . Walls Destroyed . | . . . . Machines Disabled . | . . . . Actions | -11 -10 -10 -10 --------- Run | Yrd Mat Min Sub Total 1845 | 108 471 666 600 Wait 515 | 15 72 317 111 Move 1160 | 71 339 329 421 Hop . | . . . . Pick Up 22 | 7 8 1 6 Fast Attach 13 | 7 2 1 3 Attach 6 | . 2 1 3 Detach 3 | . 2 1 . Swap 15 | . 3 6 6 Drop 24 | . 5 . 19 Fire 85 | 8 38 10 29 Melee . | . . . . Ram . | . . . . Kick . | . . . . Crush . | . . . . Escape Stasis . | . . . . Rewire . | . . . . Trap . | . . . . Miscellaneous 2 | . . . 2 Route ------- -11/Scrapyard -10/Materials (discovered 3 exits: [*Mat] / [*Min x2]) -10/Mines (discovered 3 exits: [*Mat x2] / [*Sub]) -10/Subcaves History --------- Turn | Location | Event 19 | -11/Scrapyard | Discovered new exit (range 16) 130 | -11/Scrapyard | Entered Materials 150 | -10/Materials | Discovered new exit (range 15) 290 | -10/Materials | Discovered new exit (range 6) 318 | -10/Materials | Build established: Mutant 341 | -10/Materials | Discovered new exit (range 13) 788 | -10/Materials | Entered Mines 828 | -10/Mines | Discovered new exit (range 10) 972 | -10/Mines | Found a damaged Exp. Sensor Array with a note attached 974 | -10/Mines | Found Prototype Device 1038 | -10/Mines | Discovered new exit (range 8) 1048 | -10/Mines | Learned Materials emergency access door positions 1316 | -10/Mines | Assembled infested the area 1566 | -10/Mines | Discovered new exit (range 4) 1579 | -10/Mines | Entered Subcaves 1658 | -10/Subcaves | Ambushed by angry Subdweller bent on revenge 1719 | -10/Subcaves | Core integrity fell below 50% 1733 | -10/Subcaves | Core integrity fell below 20% 1753 | -10/Subcaves | Lost 3 parts (1p1n1w) 1844 | -10/Subcaves | Disturbed a concealed Subdweller 2053 | -10/Subcaves | Build established: Subdweller-Mutant 2337 | -10/Subcaves | Destroyed by 92-IHU(R) with Subdweller Laser Last Messages --------------- 02096_ Critical hit (Burn: +37). 02096_ G-47 Trooper destroyed. 02097_ Acquired 2 matter. 02103_ Aluminum Leg fries itself beyond repair. 02105_ GX-JKP(O) collects matter. 02106_ Particle Gun fries itself beyond repair. 02106_ Lgt. Nuclear Core fries itself beyond repair. 02108_ Sml. Laser fries itself beyond repair. 02109_ GX-JKP(O) collects matter. 02113_ Aluminum Leg fries itself beyond repair. 02120_ GX-JKP(O) collects matter. 02133_ GX-JKP(O) puts together Barrage Gun. 02144_ GX-JKP(O) collects matter. 02191_ Dropped Sub. Laser. 02191_ Acquired Sub. Beam Cannon. 02213_ GX-JKP(O) puts together Spk. Treads. 02248_ Dropped Lgt. Treads. 02252_ Dropped Com. Wheel. 02255_ Acquired Lgt. Treads. Map ----- +----------------------------------------------------+ | ?????????????????????????????????????????????????? | | ?????????????????????????????????????????????????? | | ?????????????????????????????????????????????????? | | ?????????????????????????????????????????????????? | | ?????????????????????????????????????????????????? | | ?????????????????????????????????????????????????? | | ?????????????????????????????????????????????????? | | ?????####????????????????????????????????????????? | | ???### #????????????????????????????????????????? | | ??## #?????????????????????????????????????????? | | ??# #?????????????????? ?????????????????????? | | ??# #?????????????????? #????????????????????? | | ??# #?????????????????? #?? ????????????????? | | ??# #?????????????????? ## ????????????????? | | ?## #??????????????????% # ????????????????? | | ## ##????????????????## ?????????????????? | | # ###?????????????????# % #?????????????????? | | ### #???????????????????# % ##????????????????? | | ?# #???????????????????# ##???????????????? | | ?## ##??????????????????# % R ????????????????? | | ?# #?????????????????? % ?????????????????? | | ?## #?????????????????## ??????????????????? | | ?# ###????????????????# % ???????????????????? | | ?## ##???????????????#% ;#????????????????????? | | ### #???????????????# % #????????????????????? | | # # ##???????????????##@% #????????????????????? | | # # #???????????????# O #????????????????????? | | # ##???????????????# #????????????????????? | | # ##???????????????## ##????????????????????? | | ## #???????????????# #?????????????????????? | | ##" #???????????????# #?????????????????????? | | = ] #???????????????# #?????????????????????? | | #"#" #???????????????## #?????????????????????? | | ### ####????????##?????# ##????????????????????? | | ## ## #??????## ##????## ######???????????????? | | # #?###### "#?????# #???????????????? | | ## ###"#"" #??????## #???????????????? | | ?## " "" " ##???????## ##??????????????? | | ??## " " " #?????????# #??????????????? | | ???## ### " # ##?##???#### #??????????????? | | ????#### !###" "## #???# ### #??????????????? | | ???????# # " " " #???# ## ##?????????????? | | ?????### " "" ##??# #?????????????? | | ?????# ##""# #?## ## #????????????? | | ?????## ###""# #?# ### #????????????? | | ??????# ###"""" #### #? #????????????? | | ??????# ###?##"" """ ## #? #???????????? | | ##????####???# " """"### ##? ##???????????? | | # ???????????# """"#?## ##?? ####????????????? | | ? ??????????# ""###?## #??? ##??##???????????? | +----------------------------------------------------+ Best States ------------- Heat Dissipation 39 Energy Generation 10 Energy Capacity 250 Matter Stores 300 Matter Capacity 300 Sight Range 16 Terrain Scan Range 16 Terrain Scan Density 10 Armor Coverage 800 Evasion (%) 40 Targeting Accuracy 5 Recoil Reduction 2 Item Schematics ----------------- Huge Storage Unit | -10/Materials | Hacked Robot Schematics ------------------ O-16 Technician | -10/Materials | Hacked Fabricated ------------ Nothing Alien Tech Used ----------------- None Achievements -------------- None Challenges ------------ None Game ------ Seed ExoskeletonDrainedAnalyzer Manual? 0 Play Time 00:18:33 Cumulative 771.6 hours Start 2024.05.25 @ 13:55:50 End 2024.05.25 @ 14:14:57 Sessions 1 Manual Loads 0 Difficulty Rogue Special Mode None Game No. 320 Rogue 290 Adventurer 3 Explorer 27 Win Type - Total 17 Types 10/3/2/1/0/1/0/0/0 Lore% 92 Gallery% 97 Achievement% 86 Wizard Run 0 Options --------- Layout 2 ASCII 0 Keyboard 0 Movement Numpad Keybinds 0 Fullscreen 2 Font 24/Smallcaps Map View 50x44 Zoom Use 0% Tactical HUD 1 Map Filters NONE Filters NONE Steam 1 RUN: 9e78dcc7-d915-4c3e-b023-1be5ee0beac0